 Dungeon Crawl Stone Soup version 0.28-a0-167-g7eff39e849 (webtiles) character file.

Game seed: 8757502973880170807

124 Nattfarinn the Skirmisher (level 5, -3/41 HPs)
             Began as a Djinni Gladiator on Aug 16, 2021.
             Slain by Grinder (9 damage)
             ... on level 3 of the Dungeon.
             The game lasted 00:04:30 (3209 turns).

Nattfarinn the Skirmisher (Djinni Gladiator)        Turns: 3209, Time: 00:04:31

Health: -3/41      AC:  4    Str: 13    XL:     5   Next: 30%
Gold:   25         EV: 12    Int: 11    God:
                   SH:  0    Dex: 14

rFire   + + .      SeeInvis .   a - +0 rapier
rCold   x . .      Faith    .   (no shield)
rNeg    . . .      Spirit   .   b - +0 leather armour
rPois   ∞          Reflect  .   c - +0 helmet
rElec   .          Harm     .   (no cloak)
rCorr   .          Rampage  .   (no gloves)
Will    .....                   (boots unavailable)
Stlth   +.........              (no amulet)
HPRegen 0.13/turn               (no ring)
MPRegen 0.00/turn               (no ring)

@: flying
A: sickness immunity, fire resistance 2, cold vulnerability 1, float, innate
caster, hp casting, extra vitality 1
a: no special abilities


You were on level 3 of the Dungeon.
You visited 1 branch of the dungeon, and saw 3 of its levels.

You collected 95 gold pieces.
You spent 70 gold pieces at shops.

Inventory:

Hand Weapons
 a - a +0 rapier (weapon)
Missiles
 d - 2 throwing nets
Armour
 b - a +0 leather armour (worn)
 c - a +0 helmet (worn)
Scrolls
 e - 3 scrolls of identify
 f - a scroll of holy word {unknown}
 g - a scroll of brand weapon {unknown}
 h - a scroll of magic mapping {unknown}
Potions
 i - a potion of invisibility {unknown}
 k - 2 potions of curing {unknown}
 l - a potion of lignification {unknown}


   Skills:
 * Level 3.8 Fighting
 + Level 3.4 Short Blades
 - Level 1.5 Throwing
 - Level 3.2 Dodging
 + Level 1.4 Spellcasting


You had 3 spell levels left.
You knew the following spells:

 Your Spells              Type           Power      Damage    Failure   Level
a - Beastly Appendage     Tmut           8%         N/A       22%         1
b - Blink                 Tloc           N/A        N/A       32%         2
Your spell library was empty.

Dungeon Overview and Level Annotations

Branches:
Dungeon (3/15)

Altars:

Shops:
D:1 ?   D:2 *   D:3 (

Annotations:
D:3 1 runed translucent door, Crazy Yiuf, Grinder


Innate Abilities, Weirdness & Mutations

You are immune to sickness and miasma.
You are immune to poison.
Your flesh is very heat resistant. (rF++)
You are vulnerable to cold. (rC-)
You float through the air rather than walking.
You learn spells naturally, not from books.
Your magical power is your life essence.
You have superior vitality. (+4 HP)


Message History

Pain shoots through your body!
You closely miss Grinder.
Grinder is moderately wounded.
Grinder hits you.
You writhe in agony.
You hit Grinder.
Grinder is heavily wounded.
Grinder hits you!
You barely miss Grinder. You headbutt Grinder, but do no damage.
Grinder is heavily wounded.
Grinder gestures at you. You resist with significant effort.
You closely miss Grinder. You headbutt Grinder.
Grinder is heavily wounded.
Grinder gestures at you.
You suddenly lose the ability to move!
Grinder hits you.
* * * LOW HITPOINT WARNING * * *
You writhe in agony.
* * * LOW HITPOINT WARNING * * *
You can move again.
Unknown command.
Unknown command.
Unknown command.
Unknown command.
You feel much better.
Your horns disappear.
Your +0 helmet unmelds from your body.
Grinder hits you.
You writhe in agony.
You hit Grinder.
Grinder is heavily wounded.
Grinder hits you!
You writhe in agony.
You hit Grinder but do no damage.
Grinder is heavily wounded.
Grinder says, "FISH!"
Grinder gestures at you. Pain shoots through your body!
* * * LOW HITPOINT WARNING * * *
You barely miss Grinder.
Grinder is heavily wounded.
Grinder hits you!
You die...

#..#....###.######.......#..
#....... #.## ####.......
#.##.... #..# ####...#
........####.# #...#
.....#...<).#.######## #>...
... #...............# #....
....
#...#.........<.####...#
#...###5................
#... #@...........<.... #...
#................# ####
#..........#......
#.........##......
#.........##....>#
##....###.....####
#........##..# #
#....######..# # #....# #..#


You could see Grinder.

Vanquished Creatures
  5 adders
  A white imp (D:3)
  5 worms
  3 dart slugs
  An orc (D:3)
  8 bats
  5 endoplasms
  3 giant cockroaches
  4 goblins
  4 hobgoblins
  3 quokkas
  4 ball pythons
  2 frilled lizards
  3 kobolds
  2 rats
53 creatures vanquished.

Notes
Turn   | Place    | Note
-------+----------+-------------------------------------------
     0 | D:1      | Nattfarinn the Djinni Gladiator began the quest for the
                  | Orb.
     0 | D:1      | Reached XP level 1. HP: 18/18 MP: 0/0
   104 | D:1      | Found a faded altar of an unknown god.
   177 | D:1      | Found Cikkaeh's Magic Scroll Emporium.
   180 | D:1      | Bought a scroll of identify for 20 gold pieces
   209 | D:1      | Reached XP level 2. HP: 15/24 MP: 0/0
   604 | D:2      | Reached XP level 3. HP: 22/29 MP: 0/0
   604 | D:2      | Learned a level 1 spell: Beastly Appendage
  1206 | D:2      | Reached skill level 1 in Spellcasting
  1206 | D:2      | Reached XP level 4. HP: 33/35 MP: 0/0
  1241 | D:2      | Found Fopn's General Store.
  1250 | D:2      | Bought a potion of heal wounds for 50 gold pieces
  2136 | D:3      | Found Fivyguosi's Weapon Boutique.
  2155 | D:3      | Reached XP level 5. HP: 10/41 MP: 0/0
  2155 | D:3      | Learned a level 2 spell: Blink
  2736 | D:3      | Found a runed translucent door.
  2737 | D:3      | Noticed Crazy Yiuf
  2759 | D:3      | Noticed Grinder
  2783 | D:3      | Paralysed by Grinder for 7 turns
  3204 | D:3      | Paralysed by Grinder for 2 turns
  3209 | D:3      | Slain by Grinder

Illustrated notes

Levels and vault maps discovered:
D:1:      evilmike_arrival_home_sweet_home, layout_basic, serial_shops,
          nicolae_shop_trees, shapermc_ecumenical_altar_acropolis
D:2:      layout_basic, serial_shops, nicolae_shop_statue_plus
D:3:      layout_rooms, serial_shops, shop, uniq_grinder,
          uniq_crazy_yiuf_cottage

Skill      XL: |  1  2  3 |
---------------+----------+-----
Short Blades   | 3 |  3.4
Fighting       | 3 |  3.8
Spellcasting   | 1 |  1.4
Throwing       | |  1.5
Dodging        | |  3.2

Action                   |  1- 3 |  4- 6 || total
-------------------------+-------+-------++-------
Melee: Rapier            |    98 |    99 ||   197
       Headbutt          |     2 |    10 ||    12
Throw: Throwing net      |     1 |       ||     1
 Cast: Beastly Appendage |     2 |    10 ||    12
       Blink             |       |     3 ||     3
  Use: Potion            |       |     1 ||     1
Armor: Leather armour    |    45 |    20 ||    65
Dodge: Dodged            |    83 |    56 ||   139

Table legend: (Time is in decaauts)
 A = Elapsed time spent in this place.
 B = Non-inter-level travel time spent in this place.
 C = Inter-level travel time spent in this place.
 D = Time resting spent in this place.
 E = Time spent auto-exploring this place.
 F = Levels seen in this place.
 G = Mean time per level.
                   A        B        C        D        E       F      G
               +--------+--------+--------+--------+--------+-----+--------+
         Total |   3220 |   3102 |    118 |    717 |   1884 |   3 | 1073.3 |
       Dungeon |   3220 |   3102 |    118 |    717 |   1884 |   3 | 1073.3 |
               +--------+--------+--------+--------+--------+-----+--------+

Top non-repeatable levels by time:
     D:2: 1693 daAuts
     D:3: 1058 daAuts
     D:1: 468 daAuts
